 Dungeon Crawl Stone Soup version 0.16.1-18-g436b03c (webtiles) character file.

8317 Neotelesocio the Grappler (level 11, -3/113 HPs)
             Began as a Troll Monk on May 15, 2015.
             Slain by a raven (4 damage)
             ... on level 11 of the Dungeon.
             The game lasted 00:45:10 (7563 turns).

Neotelesocio the Grappler (Troll Monk)              Turns: 7563, Time: 00:45:12

Health: -3/113     AC: 11    Str: 22    XL:     11   Next: 8%
Magic:  4/4        EV: 12    Int:  7    God:
Gold:   128        SH:  0    Dex: 12    Spells: 3 memorised, 1 level left

rFire  . . .     SeeInvis .       - Unarmed
rCold  . . .     Clarity  .     a - +1 robe (curse)
rNeg   + . .     SustAb   .     (shield restricted)
rPois  .         Gourm    +     (helmet restricted)
rElec  .         Spirit   .     o - +0 cloak
rCorr  .         Warding  +     (gloves unavailable)
rMut   .         Stasis   .     (boots unavailable)
MR     .....                    j - amulet of warding
Stlth  +.........               (no ring)
                                (no ring)

@: very slightly contaminated, invisible, not resistant to hostile enchantments,
very unstealthy
A: unfitting armour, antennae 1, claws 3, rough black scales 1, fast metabolism
3, gourmand, regeneration 2, shaggy fur 1, tough skin 2
a: no special abilities


You were on level 11 of the Dungeon.
You were very hungry.

You visited 2 branches of the dungeon, and saw 12 of its levels.

You collected 618 gold pieces.
You spent 490 gold pieces at shops.

Inventory:

Hand weapons
 n - the cursed +5 dagger of Pnoank Edako {drain, Int+4}
   (You found it on level 6 of the Dungeon)

   A truly terrible weapon, it drains the life of those it strikes.
   It affects your intelligence (+4).
   It has a curse placed upon it.
Armour
 a - a cursed +1 robe (worn)
 o - a +0 cloak (worn)
Magical staves
 F - an uncursed staff of air
 H - an uncursed staff of wizardry
Jewellery
 j - an amulet of warding (around neck)
 w - an uncursed amulet of regeneration
Magical devices
 i - a wand of random effects (25)
 m - a wand of magic darts (13)
 p - a wand of magic darts (15)
 q - a wand of polymorph (16)
 r - a wand of paralysis (7)
 u - a wand of random effects (22)
 B - a wand of enslavement (8)
 D - a wand of frost (12)
 G - a wand of frost (38)
Scrolls
 e - 2 scrolls of identify
 g - 2 scrolls of immolation
 s - a scroll of fear
 t - 2 scrolls of recharging
 v - a scroll of fog
 x - a scroll of amnesia
 y - 4 scrolls of remove curse
 E - 4 scrolls of teleportation
Potions
 c - 2 potions of agility
 k - a potion of brilliance
 l - 5 potions of curing
Books
 A - a book of Frost

   Spells                             Type                      Level
   a - Freeze                         Ice                          1
   b - Throw Frost                    Conjuration/Ice              2
   c - Ozocubu's Armour               Charms/Ice                   3
   d - Throw Icicle                   Conjuration/Ice              4
   e - Summon Ice Beast               Ice/Summoning                4
   f - Condensation Shield            Ice                          4
Comestibles
 b - 4 meat rations
 d - 9 fruits
 f - 4 bread rations
 h - 2 beef jerkies


   Skills:
 + Level 8.7 Fighting
 - Level 6.1 Dodging
 - Level 1.1 Stealth
 - Level 12.0 Unarmed Combat
 * Level 3.4 Ice Magic


You had one spell level left.
You knew the following spells:

 Your Spells              Type           Power        Failure   Level  Hunger
a - Freeze                Ice            #...         14%         1    ##.....
b - Summon Ice Beast      Ice/Summ       #.......     99%         4    #####..
c - Throw Icicle          Conj/Ice       #.......     99%         4    #####..


Dungeon Overview and Level Annotations

Branches:
Dungeon (11/15)            Temple (1/1) D:5            Lair (0/8) D:8
    Orc: D:9-12

Altars:
Ashenzari
Cheibriados
Dithmenos
Elyvilon
Fedhas
Gozag
Kikubaaqudgha
Makhleb
Nemelex Xobeh
Okawaru
Qazlal
Ru
Sif Muna
Trog
Vehumet
Xom
Yredelemnul
Zin
The Shining One

Shops:
D:5 !


Innate Abilities, Weirdness & Mutations

You are too large for most types of armour.
You have claws for hands.
Your metabolism is lightning-fast.
You like to eat raw meat.
You heal very quickly.
You are covered in fur (AC +1).
You have very tough skin (AC +2).
You have a pair of small antennae on your head.
You are partially covered in rough black scales (AC +4, Dex -1).


Message History

* * * LOW HITPOINT WARNING * * *
The tengu warrior hits you with a battleaxe!
* * * LOW HITPOINT WARNING * * *
The tengu warrior barely misses you.
The tengu warrior claws you but does no damage.
Press: ? - help, v - describe, . - travel
Here: a raven The floor.
Evoke which item? (* to show all) (? for menu, Esc to quit)
Zapping:
B - a wand of enslavement (9)
Press: ? - help, Shift-Dir - straight line, f - tengu warrior
Aim: a tengu warrior, wielding a battleaxe and wearing a ring mail (severely wounded, bleeding, chance 28%)
The tengu warrior is charmed.
This wand has 8 charges left.
The raven pecks you but does no damage. The raven claws you!
* * * LOW HITPOINT WARNING * * *
The raven completely misses you. x2
The raven pecks you.
* * * LOW HITPOINT WARNING * * *
The raven claws you.
You die...

#...... #.##### #.'...#
#################.#...#
...................#...#
#.................#...#
#.................'...#
#.................#...#
#...##@##.........#####
# #bbQ##.............
#.....#.............
#PP.P.#.............
#%.♣.%############## ##%
%## ## ##


You could see 2 ravens and a friendly tengu warrior (bleeding).

Vanquished Creatures
  Erolcha (D:8)
  An unseen horror (D:11)
  A hill giant (D:10)
  A manticore (D:11)
  The ghost of Salasann the Geomancer, an experienced GrEE (D:6)
  A troll (D:10)
  Grinder (D:3)
  The ghost of tinybubbles the Skirmisher, an average OpWn (D:4)
  A trapdoor spider zombie (D:10)
  A deep elf mage (D:10)
  3 two-headed ogres
  2 hippogriffs
  Eustachio (D:4)
  A water moccasin (D:8)
  A sky beast (D:10)
  The ghost of murphyslaw the Sneak, an average SpEn (D:5)
  An orc warrior (D:10)
  2 ice beasts
  A black bear (D:9)
  A phantom (D:10)
  2 ogres (D:6)
  A necrophage (D:9)
  3 centaurs
  A crocodile (D:8)
  10 giant frogs
  A big kobold (D:10)
  A wyvern skeleton (D:7)
  3 scorpions
  8 wights (D:8)
  2 crimson imps (D:8)
  A centaur zombie (D:7)
  2 centaur skeletons
  2 jellies
  3 orc wizards
  4 worker ants
  2 orc priests
  2 giant frog skeletons
  A quasit (D:9)
  2 hounds
  Natasha (thrice) (D:3)
  4 iguanas
  A killer bee zombie (D:9)
  Ijyb (D:2)
  Terence (D:2)
  2 mummies
  A worker ant zombie (D:7)
  13 gnolls
  13 adders
  4 shadow imps
  A giant mite (D:6)
  6 worms
  2 adder zombies
  2 oozes
  14 orcs
  A ball python (D:3)
  A bat skeleton (D:4)
  4 giant cockroaches
  14 hobgoblins
  11 jackals
  4 quokkas
  14 bats
  5 giant newts
  A gnoll zombie (D:5)
  14 goblins
  A hobgoblin zombie (D:5)
  23 kobolds
  2 kobold zombies (D:5)
  An orc zombie (D:5)
  A quokka skeleton (D:5)
  A quokka zombie (D:5)
  14 rats
  7 ballistomycetes
262 creatures vanquished.

Vanquished Creatures (others)
  A black bear (D:7)
  2 giant spores
  A butterfly (D:3)
4 creatures vanquished.

Grand Total: 266 creatures vanquished

Notes
Turn   | Place    | Note
--------------------------------------------------------------
     0 | D:1      | Neotelesocio, the Troll Monk, began the quest for the Orb.
     0 | D:1      | Reached XP level 1. HP: 22/22 MP: 1/1
   332 | D:1      | Reached XP level 2. HP: 29/29 MP: 1/1
   467 | D:2      | Noticed Terence
   480 | D:2      | Killed Terence
   480 | D:2      | Reached XP level 3. HP: 27/36 MP: 2/2
   516 | D:2      | Noticed Ijyb
   527 | D:2      | Killed Ijyb
   527 | D:2      | Reached skill level 5 in Unarmed Combat
   528 | D:2      | Reached XP level 4. HP: 42/45 MP: 2/2
  1116 | D:3      | Noticed Natasha
  1123 | D:3      | Killed Natasha
  1123 | D:3      | Reached XP level 5. HP: 36/53 MP: 2/2
  1210 | D:3      | Noticed Natasha
  1216 | D:3      | Killed Natasha
  1254 | D:3      | Noticed Natasha
  1256 | D:3      | Killed Natasha
  1272 | D:3      | Noticed Grinder
  1278 | D:3      | Paralysed by something for 2 turns
  1304 | D:3      | Paralysed by something for 3 turns
  1319 | D:3      | Killed Grinder
  1319 | D:3      | Reached skill level 6 in Unarmed Combat
  1319 | D:3      | Reached XP level 6. HP: 14/62 MP: 3/3
  1569 | D:4      | Noticed Eustachio
  1576 | D:4      | Killed Eustachio
  1576 | D:4      | Reached skill level 7 in Unarmed Combat
  1576 | D:4      | Reached XP level 7. HP: 62/70 MP: 3/3
  1657 | D:4      | Found a burning altar of Makhleb.
  1657 | D:4      | Found a shadowy altar of Dithmenos.
  1864 | D:4      | Noticed tinybubbles' ghost (average OpWn)
  1877 | D:4      | Killed tinybubbles' ghost
  1877 | D:4      | Reached skill level 8 in Unarmed Combat
  2007 | D:4      | Gained mutation: Your spells are a little harder to cast, but a little more powerful. [potion of mutation]
  2007 | D:4      | Gained mutation: You have a pair of small antennae on your head. [potion of mutation]
  2007 | D:4      | Gained mutation: You have a pair of antennae on your head. [potion of mutation]
  2132 | D:5      | Entered Level 5 of the Dungeon
  2160 | D:5      | Found a staircase to the Ecumenical Temple.
  2170 | Temple   | Entered the Ecumenical Temple
  2564 | D:5      | Found Qaerafuc's Distillery.
  2581 | D:5      | Lost mutation: Your spells are a little harder to cast, but a little more powerful. [potion of cure mutation]
  2581 | D:5      | Lost mutation: You have a pair of antennae on your head. [potion of cure mutation]
  2774 | D:5      | Reached XP level 8. HP: 74/79 MP: 3/3
  2777 | D:5      | Reached skill level 5 in Fighting
  2864 | D:5      | Noticed murphyslaw's ghost (average SpEn)
  2867 | D:5      | Killed murphyslaw's ghost
  2867 | D:5      | Reached skill level 9 in Unarmed Combat
  3177 | D:6      | Got a steaming dagger
  3181 | D:6      | Noticed Salasann's ghost (experienced GrEE)
  3207 | D:6      | Killed Salasann's ghost
  3224 | D:6      | Identified the +5 dagger of Pnoank Edako {drain, Int+4} (You found it on level 6 of the Dungeon)
  3852 | D:7      | Reached skill level 5 in Dodging
  3983 | D:7      | Reached XP level 9. HP: 87/89 MP: 4/4
  4255 | D:7      | Found a glowing silver altar of Zin.
  4255 | D:7      | Found a glowing golden altar of the Shining One.
  4256 | D:7      | Found a white marble altar of Elyvilon.
  4534 | D:8      | Found a sparkling altar of Nemelex Xobeh.
  4736 | D:8      | Found a shimmering altar of Xom.
  4740 | D:8      | Found an iron altar of Okawaru.
  4748 | D:8      | Noticed Erolcha
  4764 | D:8      | Killed Erolcha
  4764 | D:8      | Reached skill level 10 in Unarmed Combat
  4887 | D:8      | Found a staircase to the Lair.
  4911 | D:8      | Reached XP level 10. HP: 96/102 MP: 4/4
  5460 | D:9      | Learned a level 1 spell: Freeze
  5465 | D:9      | Learned a level 4 spell: Summon Ice Beast
  5470 | D:9      | Learned a level 4 spell: Throw Icicle
  5621 | D:9      | Reached skill level 11 in Unarmed Combat
  5933 | D:10     | Entered Level 10 of the Dungeon
  6059 | D:10     | Noticed a hill giant
  6070 | D:10     | Killed a hill giant
  6372 | D:10     | Reached skill level 12 in Unarmed Combat
  6467 | D:10     | Reached skill level 1 in Ice Magic
  7055 | D:5      | Bought a potion of beneficial mutation for 490 gold pieces
  7055 | D:5      | Gained mutation: You are partially covered in rough black scales (AC +4, Dex -1). [potion of beneficial mutation]
  7314 | D:11     | Killed an unseen horror
  7374 | D:11     | Noticed a manticore
  7380 | D:11     | Reached XP level 11. HP: 113/113 MP: 4/4
  7386 | D:11     | Killed a manticore
  7550 | D:11     | Noticed a tengu warrior
  7563 | D:11     | HP: 2/113 [raven (7)]
  7563 | D:11     | Slain by a raven

Action                   |  1- 3 |  4- 6 |  7- 9 | 10-12 || total
-------------------------+-------+-------+-------+-------++-------
Melee: Unarmed           |    76 |   114 |   381 |   245 ||   816
Evoke: Wand              |       |       |       |     1 ||     1
  Use: Scroll            |     3 |     5 |     8 |     5 ||    21
       Potion            |     1 |     2 |     6 |     5 ||    14
 Stab: Sleeping          |     2 |       |     2 |     2 ||     6
       Invisible         |       |       |       |     1 ||     1
  Eat: Meat ration       |     1 |       |       |     1 ||     2
       Chunk             |     2 |    11 |    31 |     7 ||    51
       Bread ration      |       |       |       |     1 ||     1
